 Dungeon Crawl Stone Soup version 0.23-a0-890-gc183402 (console) character file.

Game seed: 614177766399606824

19 Duffy the Skirmisher (level 2, 24/24 HPs)
             Began as a Demonspawn Fighter on Jan 28, 2019.
             Quit the game on level 1 of the Dungeon.
             The game lasted 00:00:23 (459 turns).

Duffy the Skirmisher (Demonspawn Fighter)            Turns: 459, Time: 00:00:24

Health: 24/24      AC:  7    Str: 16    XL:     2   Next: 55%
Magic:  2/2        EV:  6    Int:  9    God:
Gold:   39         SH:  8    Dex: 12    Spells: 1/1 levels left

rFire    . . .     SeeInvis .   a - +0 war axe
rCold    . . .     Gourm    .   c - +0 shield
rNeg     . . .     Faith    .   b - +0 scale mail
rPois    .         Spirit   .   (helmet restricted)
rElec    .         Reflect  .   (no cloak)
rCorr    .         Harm     .   (no gloves)
MR       .....                  k - +0 pair of boots
Stlth    ..........             (no amulet)
HPRegen  0.08/turn              (no ring)
MPRegen  0.08/turn              (no ring)

@: no status effects
A: antennae 1
a: no special abilities


You were on level 1 of the Dungeon.
You were not hungry.

You visited 1 branch of the dungeon, and saw 1 of its levels.

You collected 39 gold pieces.

Inventory:

Hand Weapons
 a - a +0 war axe (weapon)
Armour
 b - a +0 scale mail (worn)
 c - a +0 shield (worn)
 k - a +0 pair of boots (worn)
Scrolls
 j - a scroll of identify {unknown}
Potions
 d - a potion of might
 e - a potion of haste {unknown}
 g - a potion of curing {unknown}
 h - a potion of lignification {unknown}
 i - a potion of flight {unknown}
Comestibles
 f - 2 rations


   Skills:
 - Level 3.0 Fighting
 + Level 2.9 Axes
 - Level 2.6 Armour
 - Level 2.6 Shields


You had one spell level left.
You didn't know any spells.
Your spell library was empty.

Dungeon Overview and Level Annotations

Branches:
Dungeon (1/15)

Altars:


Innate Abilities, Weirdness & Mutations

You have a pair of small antennae on your head.


Message History

Wear which item? (? for menu, Esc to quit)
You start putting on your armour.
You continue putting on your pair of boots. x4
You finish putting on your +0 pair of boots.
A dart slug comes into view.
A dart slug is nearby!
A dart slug is nearby!
The dart slug launches a dart at you.
The slug dart hits you but does no damage.
You slash the dart slug!
The dart slug is severely wounded.
The dart slug barely misses you.
You hit the dart slug.
The dart slug is almost dead.
The dart slug bites you but does no damage.
You slash the dart slug!
You kill the dart slug!
You start resting.
HP restored.
Are you sure you want to abandon this character and quit the game? (Confirm with "yes".)

.<....#.# #.....# #.# #.####
........# #.##..########.# #.#...
.....##.#
#.##...........#####.#.## ......#
#.##.#####...........#.## #..##.#
#.##.# #.###...........
##.##.#.###.##.# ##)###.#######.#.
#.##.#........# #............#.##
#.##.#####.#######..###.#####.#.##
#..........)....@...# #.# #.#.#
##.#.###..####.###.## #.# #.#.#
...#...#..# #...##.# #.# #.#.# ..#
###....# #....#)# #.# #.#.## #.
#...#.## #....#.####.#####.#... #
#.###.#######.................#
...###.##...................##.#
#..........###########.########.#
##.####......# #.# #.#


There were no monsters in sight!

Vanquished Creatures
  A gnoll (D:1)
  A dart slug (D:1)
  2 leopard geckos (D:1)
  A goblin (D:1)
  A bat (D:1)
  A kobold (D:1)
7 creatures vanquished.

Notes
Turn   | Place    | Note
-------+----------+-------------------------------------------
     0 | D:1      | Duffy the Demonspawn Fighter began the quest for the Orb.
     0 | D:1      | Reached XP level 1. HP: 18/18 MP: 1/1
   307 | D:1      | Gained mutation: You have a pair of small antennae on your
                  | head. [demonic ancestry]
   307 | D:1      | Reached XP level 2. HP: 11/24 MP: 2/2
   459 | D:1      | Quit the game

Vault maps used:
D:1:      dpeg_arrival_orchard

Skill      XL: |  1 |
---------------+----+-----
Axes           | 2 |  2.9
Fighting       | |  3.0
Armour         | |  2.6
Shields        | |  2.6

Action                   || total
-------------------------++-------
Melee: War axe           ||    16
Armor: Scale mail        ||     5
Dodge: Dodged            ||     6
Block: Shield            ||    10

Table legend:
 A = Non-vault XP
 B = Vault XP
 C = Vault XP percentage of total XP
 D = Non-vault monster count
 E = Vault monster count
 F = Vault count percentage of total count
                 A         B        C        D         E       F
            +---------+---------+-------+---------+---------+-------
      Total |      28 |       0 |   0.0 |       7 |       0 |   0.0
            +---------+---------+-------+---------+---------+-------
        D:1 |      28 |       0 |   0.0 |       7 |       0 |   0.0
            +---------+---------+-------+---------+---------+-------
